 Dungeon Crawl Stone Soup version 0.31.0-12-g77e489cdc1 (webtiles) character file.

Game seed: 12238943529806901029

60 Silvore the Trooper (level 3, -1/30 HPs)
             Began as a Demonspawn Fighter on Feb 12, 2024.
             Slain by Natasha (4 damage)
             ... on level 3 of the Dungeon.
             The game lasted 00:02:06 (1582 turns).

Silvore the Trooper (Demonspawn Fighter)            Turns: 1582, Time: 00:02:07

Health: -1/30      AC:  8    Str: 18    XL:     3   Next: 82%
Magic:  3/3        EV:  8    Int:  8    God:
Gold:   136        SH:  8    Dex: 12    Spells: 2/2 levels left

rFire   . . .        a - +1 long sword
rCold   . . .        i - +0 kite shield
rNeg    . . .        b - +0 scale mail
rPois   .            (no helmet)
rElec   .            (no cloak)
rCorr   .            (no gloves)
SInv    .            (no boots)
Will    .....        (no amulet) Stlth
                     (no ring)
HPRegen 0.25/turn    (no ring)
MPRegen 0.08/turn

%: no passive effects
@: slowed, very slow
A: thin metallic scales 1, powered by death 1
a: no special abilities


You were on level 3 of the Dungeon.
You visited 1 branch of the dungeon, and saw 3 of its levels.

You collected 136 gold pieces.

Inventory:

Hand Weapons
 a - a +1 long sword (weapon)
Armour
 b - a +0 scale mail (worn)
 c - a +0 buckler
 i - a +0 kite shield (worn)
Scrolls
 f - a scroll of blinking
Potions
 d - a potion of might
 e - a potion of curing
 h - a potion of heal wounds {unknown}


   Skills:
 + Level 3.7 Fighting
 + Level 2.3 Long Blades
 + Level 3.2 Armour
 + Level 0.3 Dodging
 + Level 3.0 Shields


You had 2 spell levels left.
You didn't know any spells.
Your spell library was empty.

Dungeon Overview and Level Annotations

Branches:
Dungeon (3/15)

Altars:

Annotations:
D:3 Natasha


Innate Abilities, Weirdness & Mutations

You are partially covered in thin metallic scales. (AC +2)
You regenerate a little health from kills.


Message History

You kill the quokka!
You now have 129 gold pieces (gained 9).
You now have 136 gold pieces (gained 7).
Natasha, Servant of Life and Death comes into view.
Natasha is nearby!
Natasha is nearby!
Natasha mumbles some strange words.
Natasha claws you. You block the cerulean imp's attack.
You miss Natasha. You block Natasha's attack.
The cerulean imp hits you from afar with a +2 spear.
Natasha claws you but does no damage.
You hit Natasha.
Natasha is moderately wounded.
You block the cerulean imp's attack. Natasha claws you but does no damage.
You miss Natasha.
Natasha is moderately wounded.
The cerulean imp hits you but does no damage.
You block Natasha's attack.
The cerulean imp hits you from afar with a +2 spear.
Natasha stares at you and mumbles some strange words.
The magic dart hits you.
You closely miss Natasha.
Natasha is moderately wounded.
The cerulean imp closely misses you.
Natasha extends her claws.
Natasha claws you!
* * * LOW HITPOINT WARNING * * *
You slash Natasha!
Natasha is almost dead.
The cerulean imp hits you from afar with a +2 spear.
* * * LOW HITPOINT WARNING * * *
Natasha casts a spell at you.
You feel yourself slow down. The cerulean imp barely misses you.
Unknown command.
You closely miss Natasha.
Natasha is almost dead.
Natasha barely misses you. The cerulean imp closely misses you.
Natasha claws you.
You die...
Natasha curls up and begins to purr.

#.....#########
###..............
#.......#..#####
#....#.#<..#
#......#.#.#
#........#.# ####
#.......)#.####.....
#####....#....5.....
##.###..@.......
#>......h......
######.........
#####..... .....
####


You could see Natasha and a cerulean imp (summoned).

Vanquished Creatures
  An adder (D:2)
  A ribbon worm (D:2)
  2 dart slugs
  8 ball pythons
  4 bats
  2 endoplasms
  6 giant cockroaches
  3 hobgoblins (D:1)
  2 quokkas
  2 frilled lizards
  2 goblins (D:2)
  5 kobolds
  4 rats
42 creatures vanquished.

Notes
Turn   | Place    | Note
-------+----------+-------------------------------------------
     0 | D:1      | Silvore the Demonspawn Fighter began the quest for the Orb.
     0 | D:1      | Reached XP level 1. HP: 18/18 MP: 1/1
   264 | D:1      | Gained mutation: You regenerate a little health from kills.
                  | [demonic ancestry]
   264 | D:1      | Reached XP level 2. HP: 24/24 MP: 2/2
   950 | D:2      | Gained mutation: You are partially covered in thin metallic
                  | scales. (AC +2) [demonic ancestry]
   950 | D:2      | Reached XP level 3. HP: 29/29 MP: 3/3
  1574 | D:3      | Noticed Natasha
  1582 | D:3      | Slain by Natasha

Illustrated notes

Levels and vault maps discovered:
D:1:      dpeg_arrival_prison, layout_loops_ring
D:2:      layout_loops_cross, nrook_mini_backslash
D:3:      layout_basic, uniq_natasha

Skill      XL: |  1  2  3 |
---------------+----------+-----
Long Blades    | 2 |  2.3
Armour         | 3 |  3.2
Shields        | 3 |  3.0
Fighting       | |  3.7
Dodging        | |  0.3

Action                     || total
---------------------------++-------
  Melee: Long sword        ||   110
    Use: Scroll            ||     6
 Armour: Scale mail        ||    79
  Dodge: Dodged            ||    45
  Block: Buckler           ||    18
         Kite shield       ||    24
